 Dungeon Crawl Stone Soup version 0.20.1-1-g8b1a95d (webtiles) character file.

179642 doot the Unseen (level 17, -1/121 HPs)
             Began as a Vampire Enchanter on Sept 1, 2017.
             Was the Champion of Ashenzari.
             Shot with an arrow by a satyr (9 damage)
             ... on level 4 of the Shoals on Sept 16, 2017.
             The game lasted 05:39:48 (45644 turns).

doot the Unseen (Vampire Enchanter)                Turns: 45644, Time: 05:39:49

Health: -1/121     AC: 18    Str: 11      XL:     17   Next: 61%
Magic:  0/48       EV: 18    Int: 16 (19) God:    Ashenzari [******]
Gold:   1463       SH:  0    Dex: 17      Spells: 3/42 levels left

rFire    + . .     SeeInvis +   a - +3 great sword (venom)
rCold    + . .     Gourm    .   (shield currently unavailable)
rNeg     + . .     Faith    .   M - +4 moon troll leather armour {Spirit, Regen++ MP+5} (curse)
rPois    +         Spirit   +   p - +1 helmet (curse)
rElec    +         Reflect  .   G - +0 cloak
rCorr    .         Harm     .   R - +0 pair of gloves of Atiutria {rF+}
MR       +....     Clarity  +   s - +0 pair of boots Stlth ++++++++..Rnd*Tele +
                                D - amulet of magic regeneration
Regen    1.1/turn               e - ring "Zassenn" {rElec rPois rC+ Str+3 Int+2 Stlth+} (curse)
MPRegen  0.5/turn               Z - ring of magical power

@: very slightly contaminated, studying Polearms, invisible
A: fangs 3, hooves 1, icy blue scales 1, iridescent scales 1, see invisible,
clumsy 1, dopey 1, teleportitis 1, wild magic 1, unbreathing
a: Bat Form, Curse Item, Scrying, Transfer Knowledge, Renounce Religion


You were on level 4 of the Shoals.
You worshipped Ashenzari.
Ashenzari was exalted by your worship.
You were not thirsty.

You visited 7 branches of the dungeon, and saw 34 of its levels.
You also visited: Labyrinth, Ice Cave, Volcano and Wizlab.

You collected 3006 gold pieces.
You spent 1543 gold pieces at shops.

Inventory:

Hand Weapons
 a - a +3 great sword of venom (weapon)
 b - a +3 short sword of venom
 m - a +2 great sword of flaming
Armour
 p - a cursed +1 helmet (worn)
 q - a scarf of cloud immunity
 s - a +0 pair of boots (worn)
 G - a +0 cloak (worn)
 M - the cursed +4 moon troll leather armour (worn) {Spirit, Regen++ MP+5}
   (You found it in a labyrinth)

   It affects your magic capacity (+5).
   It increases your rate of regeneration.
   It has a curse placed upon it.
 R - the +0 pair of gloves of Atiutria (worn) {rF+}
   (You found it in an ice cave)

   It protects you from fire.
Jewellery
 e - the cursed ring "Zassenn" (left hand) {rElec rPois rC+ Str+3 Int+2 Stlth+}
   (You bought it in a shop on level 8 of the Dungeon)

   [ring of stealth]

   It affects your strength (+3).
   It affects your intelligence (+2).
   It protects you from cold.
   It insulates you from electricity.
   It protects you from poison.
   It makes you more stealthy.
   It has a curse placed upon it.
 u - an uncursed ring of fire
 D - an amulet of magic regeneration (around neck)
 V - an uncursed ring of flight
 Z - a ring of magical power (right hand)
Wands
 r - a wand of acid (12/15)
 x - a wand of lightning (0/15)
 y - a wand of clouds (5/9)
Scrolls
 f - 6 scrolls of enchant weapon
 h - 21 scrolls of identify
 k - 4 scrolls of magic mapping
 l - a scroll of brand weapon
 n - 4 scrolls of teleportation
 z - 3 scrolls of recharging
 H - a scroll of fear
 I - 3 scrolls of amnesia
 O - 8 scrolls of remove curse
 P - 10 scrolls of enchant armour
Potions
 d - 27 potions of blood
 g - 3 potions of haste
 j - 4 potions of mutation
 o - 11 potions of might
 v - 5 potions of brilliance
 w - a potion of berserk rage
 B - 12 potions of curing
 K - 5 potions of resistance
 N - 4 potions of agility
Books
 c - a book of Maledictions

   Spells                             Type                      Level
   a - Corona                         Hexes                        1
   b - Ensorcelled Hibernation        Hexes/Ice                    2
   c - Confuse                        Hexes                        3
   d - Tukima's Dance                 Hexes                        3
   e - Dazzling Spray                 Conjuration/Hexes            3
 A - a book of Summonings

   Spells                             Type                      Level
   a - Recall                         Summoning/Translocation      3
   b - Aura of Abjuration             Summoning                    5
   c - Summon Demon                   Summoning                    5
   d - Summon Forest                  Summoning/Translocation      5
   e - Summon Mana Viper              Hexes/Summoning              5
   f - Shadow Creatures               Summoning                    6
 E - a book of Alchemy

   Spells                             Type                      Level
   a - Sublimation of Blood           Necromancy                   2
   b - Ignite Poison                  Fire/Transmutation/Poison    3
   c - Petrify                        Transmutation/Earth          4
   d - Alistair's Intoxication        Transmutation/Poison         5
   e - Irradiate                      Conjuration/Transmutation    5
 J - a manual of Polearms
 L - a Young Poisoner's Handbook

   Spells                             Type                      Level
   a - Sting                          Conjuration/Poison           1
   b - Poisonous Vapours              Poison/Air                   2
   c - Mephitic Cloud                 Conjuration/Poison/Air       3
   d - Olgreb's Toxic Radiance        Poison                       4
   e - Venom Bolt                     Conjuration/Poison           5
 Q - a book of the Warp

   Spells                             Type                      Level
   a - Gell's Gravitas                Translocation                3
   b - Portal Projectile              Hexes/Translocation          3
   c - Force Lance                    Conjuration/Translocation    4
   d - Dispersal                      Translocation                6
   e - Controlled Blink               Translocation                8
   f - Disjunction                    Translocation                8
 S - Sif Muna's Catalogue of the Birds
   (You found it in a wizard's laboratory)

   Spells                             Type                      Level
   a - Mephitic Cloud                 Conjuration/Poison/Air       3
   b - Lightning Bolt                 Conjuration/Air              5
 T - a book of Fire

   Spells                             Type                      Level
   a - Ignite Poison                  Fire/Transmutation/Poison    3
   b - Fireball                       Conjuration/Fire             5
   c - Bolt of Fire                   Conjuration/Fire             6
   d - Ring of Flames                 Charms/Fire                  7
   e - Ignition                       Fire                         8
 U - a book of Beasts

   Spells                             Type                      Level
   a - Summon Butterflies             Summoning                    1
   b - Call Canine Familiar           Summoning                    3
   c - Summon Ice Beast               Ice/Summoning                4
   d - Summon Mana Viper              Hexes/Summoning              5
   e - Summon Hydra                   Summoning                    7
 W - the Papyrus of the Guilds
   (You found it in a wizard's laboratory)

   Spells                             Type                      Level
   a - Mephitic Cloud                 Conjuration/Poison/Air       3
   b - Conjure Ball Lightning         Conjuration/Air              6
   c - Freezing Cloud                 Conjuration/Ice/Air          6
Miscellaneous
 t - a box of beasts
 F - a lightning rod (4/4)
 Y - a phantom mirror


   Skills:
 + Level 7.6 Fighting
 + Level 8.9(11.5) Short Blades
 + Level 10.8(11.9) Long Blades
 + Level 0.2 Throwing
 + Level 5.3 Armour
 + Level 8.9 Dodging
 + Level 20.3 Stealth
 + Level 13.4 Spellcasting
 + Level 0.3 Conjurations
 + Level 15.5 Hexes
 * Level 11.8 Summonings
 + Level 2.1 Transmutations
 + Level 2.2 Fire Magic
 + Level 6.1 Ice Magic
 + Level 3.6 Poison Magic


You had 3 spell levels left.
You knew the following spells:

 Your Spells              Type           Power        Failure   Level  Hunger
a - Summon Mana Viper     Hex/Summ       ######..     1%          5    ####...
b - Ensorcelled Hibernat  Hex/Ice        ######       1%          2    None
c - Confuse               Hex            ######..     1%          3    None
d - Tukima's Dance        Hex            ######..     1%          3    None
e - Dazzling Spray        Conj/Hex       #####.       1%          3    None
f - Summon Ice Beast      Ice/Summ       ######..     3%          4    ##.....
g - Ignite Poison         Fire/Tmut/Pois ####....     13%         3    None
h - Summon Demon          Summ           ######....   3%          5    ####...
i - Summon Hydra          Summ           ######....   56%         7    #######
j - Olgreb's Toxic Radia  Pois           ####....     26%         4    ##.....


Dungeon Overview and Level Annotations

Branches:
Dungeon (15/15)            Temple (1/1) D:4            Lair (6/6) D:8
 Shoals (4/4) Lair:4       Spider (4/4) Lair:2        Slime (0/5) Lair:5
    Orc (2/2) D:10            Elf (2/3) Orc:2        Vaults (0/5) D:14
 Depths (0/5) D:15

Altars:
Ashenzari
Cheibriados
Dithmenos
Elyvilon
Fedhas
Gozag
Hepliaklqana
Kikubaaqudgha
Makhleb
Nemelex Xobeh
Okawaru
Qazlal
Ru
Sif Muna
Trog
Uskayaw
Vehumet
Xom
Yredelemnul
Zin
The Shining One
Beogh

Shops:
D:8 =   D:13 (   Orc:1 !   Orc:2 }?((**

Portals:
Trove: Elf:1 (give 16 scrolls of teleportation)

Annotations:
D:7 1 exclusion
Lair:1 2 exclusions
Spider:4 Arachne
Orc:2 Gobbopathe's ghost, adept FoAK


Innate Abilities, Weirdness & Mutations

You have razor-sharp teeth.
You have supernaturally acute eyesight. (SInv)
You can survive without breathing.
You have large cloven feet.
You are partially covered in icy blue scales. (AC +2)
You are partially covered in iridescent scales. (AC +2)
You are clumsy. (Dex -2)
You are dopey. (Int -2)
You are occasionally teleported next to monsters.
Your spells are a little harder to cast, but a little more powerful.


Message History

Unknown command.
Unknown command.
You catch the helpless faun completely off-guard!
You slice the faun!! Your bite misses the faun.
The faun is almost dead.
You feel sick.
The faun gestures at you while chanting.
You easily resist.
A merfolk javelineer comes into view.
Ashenzari warns you: It is wielding a spear of freezing and quivering 17 poisoned javelins.
The merfolk javelineer shouts!
You hit the faun.
You kill the faun!
The satyr unwields an uncursed club.
The satyr wields an uncursed longbow.
The satyr shoots an arrow.
The arrow hits you!
* * * LOW HITPOINT WARNING * * *
Unknown command.
You feel better. The merfolk impaler closely misses you.
The satyr shoots an arrow.
The arrow hits you!
You die...

.≈≈≈.......≈≈≈≈≈≈≈≈≈≈≈≈≈≈≈≈≈≈≈
,,
≈.≈≈≈%.....≈≈≈≈≈≈≈≈≈≈≈≈≈≈≈≈≈≈≈≈
≈≈≈≈≈≈.≈≈.≈{≈≈≈≈≈≈≈≈≈≈≈≈≈≈≈≈≈≈≈
, .≈≈≈≈≈≈≈≈≈≈≈≈≈≈≈≈≈≈≈≈≈≈≈≈≈≈≈
≈≈≈ ≈≈≈≈≈≈≈≈≈≈≈≈≈≈≈≈≈≈≈≈≈≈≈≈≈≈
≈ ≈≈≈≈≈≈≈≈≈≈#####≈≈≈≈≈≈≈≈≈≈≈≈ ≈
≈ ≈≈≈≈≈≈≈≈≈## , *#≈....≈≈≈ ≈ ≈≈
, ≈≈≈≈≈≈≈≈≈#,,{ ,#.......≈ ***
≈≈ ≈ ≈ ≈ ,,∆ #@....... ,,,**
≈≈≈ ≈≈≈≈≈ , #(.....c. * , ≈≈
≈≈≈ ,,*#m......., ,, , ≈≈ ≈ ≈*
{ #........., , ,*, ≈≈ ≈≈ ≈ {
........... *, , *, ≈≈≈ ≈≈
.{........... * ≈ ≈≈ ≈≈≈
..............≈≈ ≈ ≈≈≈ ≈≈ ≈ ≈
≈{{.............≈≈ ≈ ≈≈ ≈
≈≈...........m... ≈≈≈≈,


You could see a merfolk impaler and a satyr.

Vanquished Creatures
  A kraken (Shoals:1)
  Kirke (D:13)
  2 ghost moths (Spider:2)
  Aizul (Spider:3)
  An orc warlord (D:10)
  An entropy weaver (Spider:2)
  A spark wasp (Spider:2)
  2 merfolk impalers
  A peacekeeper (Elf:1)
  6 hydras
  2 spriggan air magi (WizLab)
  A catoblepas (Lair:5)
  2 centaur warriors (D:14)
  2 merfolk avatars
  5 dancing weapons
  2 merfolk aquamancers (Shoals:3)
  Erica (D:8)
  7 two-headed ogres
  3 deep elf knights (Elf:1)
  3 skeletal warriors
  6 sea snakes
  A sea snake (shapeshifter) (D:15)
  3 unseen horrors
  A glowing orange brain (D:15)
  4 deep elf archers
  2 orc knights (D:15)
  14 wolf spiders
  25 deep elf magi
  12 orb spiders
  A lindwurm (Lair:2)
  3 orc sorcerers
  8 cyclopes
  3 ugly things (D:14)
  6 fauns
  7 elephants
  8 manticores
  Maurice (D:13)
  3 black mambas
  5 water nymphs
  2 centaur zombies (D:14)
  4 merfolk sirens
  A torpor snail (Spider:1)
  The ghost of Alarak the Cleaver, a novice HOFi of Yredelemnul (D:5)
  2 ice statues (IceCv)
  9 spiny frogs
  5 centaur skeletons
  A kobold demonologist (D:12)
  5 demonic crawlers
  10 komodo dragons
  2 freezing wraiths
  3 rime drakes (Lair:6)
  An anaconda simulacrum (IceCv)
  2 ice devils (IceCv)
  12 trolls
  12 merfolk
  6 wind drakes
  15 jumping spiders
  A polar bear (shapeshifter) (Elf:1)
  2 polar bears
  Prince Ribbit (D:6)
  16 hornets
  A harpy skeleton (D:14)
  5 slime creatures
  3 snapping turtles
  8 blink frogs
  6 hippogriffs
  6 dream sheep
  13 air elementals
  37 redbacks
  A spriggan (shapeshifter) (D:15)
  A shadow (D:14)
  A dire elephant simulacrum (IceCv)
  11 tarantellas
  A hog (shapeshifter) (D:15)
  A spriggan (D:8)
  A vampire (D:14)
  2 wraiths
  48 yaks
  A wyvern (Lair:2)
  8 water elementals
  Eustachio (D:4)
  A hog (D:13)
  Grum (D:8)
  11 humans
  4 basilisks
  A hungry ghost (D:13)
  2 harpy simulacra (IceCv)
  An insubstantial wisp (WizLab)
  5 wargs
  2 acid dragons
  9 water moccasins
  2 soldier ants
  11 porcupines
  24 orc warriors
  2 phantoms
  3 necrophages
  3 ice beasts
  4 sky beasts
  A tengu (shapeshifter) (D:15)
  An eye of draining (D:13)
  2 wolves (D:8)
  17 ogres
  11 centaurs
  13 crocodiles
  A big kobold (D:7)
  An elf zombie (D:7)
  2 earth elementals
  28 bullfrogs
  2 wyvern zombies (D:11)
  4 scorpions
  A water moccasin skeleton (D:10)
  A troll zombie (D:7)
  27 killer bees
  5 wights (D:11)
  An electric eel (Spider:1)
  2 howler monkeys (D:9)
  5 crimson imps
  A bullfrog zombie (D:8)
  11 hounds
  19 orc priests
  2 jellies
  2 bullfrog skeletons
  Crazy Yiuf (D:6)
  A human zombie (D:7)
  36 orc wizards
  6 iguanas
  Ijyb (D:5)
  12 worker ants
  4 mummies (D:7)
  A howler monkey zombie (D:9)
  Robin (D:2)
  5 gnolls
  A howler monkey skeleton (D:9)
  11 adders
  7 shadow imps
  An ooze (D:4)
  2 adder zombies (D:5)
  2 worms
  2 dart slugs
  2 leopard geckos
  111 orcs
  A ball python (D:5)
  7 giant cockroaches
  16 goblins
  10 hobgoblins
  4 quokkas
  11 bats
  8 frilled lizards
  16 kobolds
  A leopard gecko skeleton (D:4)
  A quokka skeleton (D:5)
  8 rats
  A fungus (Shoals:1)
  2 plants
  2 tentacles (Shoals:1)
968 creatures vanquished.

Vanquished Creatures (collateral kills)
  A Cloud Mage (WizLab)
  Rupert (Lair:4)
  2 orc warlords (D:10)
  2 emperor scorpions
  A dire elephant (shapeshifter) (D:15)
  2 dire elephants (Lair:6)
  A merfolk javelineer (Shoals:2)
  A minotaur (Lab)
  Fannar (D:11)
  A spriggan air mage (WizLab)
  A peacekeeper (Elf:1)
  A merfolk aquamancer (Shoals:4)
  2 satyrs (Shoals:2)
  A two-headed ogre (D:15)
  2 merfolk avatars
  An ogre mage (D:15)
  7 dancing weapons
  An alligator snapping turtle (Shoals:3)
  An orc high priest (Orc:2)
  4 deep elf knights (Elf:1)
  2 sea snakes
  3 deep elf archers
  2 orc knights
  2 ugly things
  9 deep elf magi
  7 fauns
  4 orb spiders
  3 orc sorcerers (Orc:2)
  4 cyclopes (Shoals:1)
  2 manticores
  7 wolf spiders
  2 centaur zombies (D:15)
  An ice statue (IceCv)
  A guardian serpent (shapeshifter) (D:15)
  4 elephants
  2 merfolk sirens
  A water nymph (Shoals:2)
  2 centaur skeletons (D:15)
  A gargoyle (D:11)
  4 spiny frogs
  2 kobold demonologists (D:15)
  A rime drake (Lair:6)
  2 komodo dragons
  3 demonic crawlers
  4 ice devils (IceCv)
  2 tengu conjurers (D:15)
  5 merfolk
  2 trolls
  A polar bear (Lair:6)
  8 wind drakes
  4 jumping spiders
  A hippogriff (D:12)
  A slime creature (D:15)
  2 snapping turtles (Shoals:2)
  3 blink frogs (Lair:4)
  13 dream sheep
  18 air elementals
  4 tarantellas
  14 redbacks
  A water elemental (Shoals:3)
  2 wraiths (D:15)
  5 humans
  10 yaks
  3 fire elementals
  An acid dragon (D:11)
  3 water moccasins (Lair:6)
  7 insubstantial wisps (WizLab)
  2 hydra simulacra (IceCv)
  12 orc warriors
  6 ogres
  6 centaurs
  A big kobold (D:15)
  2 bullfrogs
  2 killer bees
  2 crimson imps
  A hound (D:12)
  14 orc priests
  10 orc wizards (Orc:2)
  19 orcs
  A kobold (D:15)
  3 fungi (Lair:6)
300 creatures vanquished.

Vanquished Creatures (others)
  An eldritch tentacle (Shoals:1)
  A human (D:13)
  A centaur (D:8)
  A killer bee (D:7)
  A quasit (D:13)
  An orc priest (Orc:2)
  An orc (D:12)
  A quokka (D:8)
  19 fungi
  14 plants
  63 tentacles (Shoals:1)
104 creatures vanquished.

Grand Total: 1372 creatures vanquished

Notes
Turn   | Place    | Note
-------+----------+-------------------------------------------
     0 | D:1      | doot the Vampire Enchanter began the quest for the Orb.
     0 | D:1      | Reached XP level 1. HP: 13/13 MP: 3/3
   273 | D:1      | Reached XP level 2. HP: 11/19 MP: 0/5
   327 | D:1      | Learned a level 2 spell: Ensorcelled Hibernation
   887 | D:1      | Reached skill level 5 in Stealth
  1004 | D:2      | Reached XP level 3. HP: 24/24 MP: 6/6
  1109 | D:2      | Reached skill level 5 in Hexes
  1307 | D:2      | Noticed Robin
  1497 | D:2      | Killed Robin
  1497 | D:2      | Reached skill level 6 in Stealth
  1582 | D:2      | Reached XP level 4. HP: 29/30 MP: 5/7
  1633 | D:2      | Learned a level 3 spell: Confuse
  2451 | D:3      | Found a blossoming altar of Fedhas.
  2482 | D:3      | Gained mutation: You are partially covered in icy blue scales. (AC +2) [potion of mutation]
  2482 | D:3      | Gained mutation: You are partially covered in iridescent scales. (AC +2) [potion of mutation]
  2482 | D:3      | Gained mutation: You have large cloven feet. [potion of mutation]
  2845 | D:3      | Reached skill level 1 in Ice Magic
  3067 | D:3      | Reached XP level 5. HP: 35/35 MP: 6/9
  3264 | D:3      | Noticed a centaur
  3270 | D:3      | Killed a centaur
  3760 | D:3      | Reached skill level 7 in Stealth
  3760 | D:3      | Reached XP level 6. HP: 42/42 MP: 3/10
  3813 | D:4      | Noticed Eustachio
  4075 | D:4      | Found a bloodstained altar of Trog.
  4154 | D:4      | Found a shadowy altar of Dithmenos.
  4355 | D:4      | Found a staircase to the Ecumenical Temple.
  4365 | Temple   | Entered the Ecumenical Temple
  4390 | Temple   | Became a worshipper of Ashenzari the Shackled
  4581 | D:4      | Learned a level 3 spell: Tukima's Dance
  4585 | D:4      | Learned a level 3 spell: Dazzling Spray
  4685 | D:5      | Entered Level 5 of the Dungeon
  4854 | D:5      | Found a glowing silver altar of Zin.
  4965 | D:5      | Found a glowing golden altar of the Shining One.
  5008 | D:5      | Noticed Alarak's ghost (novice HOFi)
  5089 | D:5      | Noticed Ijyb
  5098 | D:5      | Killed Ijyb
  5104 | D:5      | Found a sparkling altar of Nemelex Xobeh.
  5200 | D:5      | Reached skill level 1 in Fighting
  5200 | D:5      | Reached XP level 7. HP: 48/48 MP: 9/12
  5215 | D:6      | Noticed Prince Ribbit
  5743 | D:6      | Reached skill level 8 in Stealth
  5780 | D:6      | Reached * piety under Ashenzari
  5798 | D:6      | Reached skill level 1 in Armour
  6135 | D:4      | Killed Eustachio
  6254 | D:6      | Reached XP level 8. HP: 54/54 MP: 6/14
  6531 | D:6      | Reached skill level 9 in Stealth
  6905 | D:6      | Reached skill level 5 in Spellcasting
  6979 | D:6      | Found a runed door.
  6983 | D:6      | Noticed Crazy Yiuf
  6992 | D:6      | Killed Crazy Yiuf
  7163 | D:6      | Killed Prince Ribbit
  7366 | D:7      | Reached XP level 9. HP: 31/61 MP: 2/17
  8115 | D:7      | Reached skill level 10 in Stealth
  8482 | D:7      | Noticed a two-headed ogre
  9418 | D:7      | Found an ancient bone altar of Kikubaaqudgha.
  9554 | D:8      | Found a shimmering altar of Xom.
  9671 | D:8      | Reached skill level 5 in Short Blades
  9749 | D:8      | Reached skill level 11 in Stealth
  9749 | D:8      | Reached skill level 10 in Hexes
  9911 | D:8      | Found Duedeg's Jewellery Shop.
  9911 | D:8      | Noticed a two-headed ogre
  9911 | D:8      | Noticed Erica
  9985 | D:8      | Noticed Grum
  9998 | D:8      | Killed Grum
  9998 | D:8      | Reached XP level 10. HP: 66/68 MP: 10/20
 10067 | D:8      | Found a staircase to the Lair.
 10653 | D:8      | Reached ** piety under Ashenzari
 10759 | D:8      | Noticed a two-headed ogre
 10839 | D:8      | Killed a two-headed ogre
 11040 | D:7      | Killed a two-headed ogre
 11447 | D:8      | Killed Erica
 11853 | D:8      | Reached skill level 12 in Stealth
 12295 | D:9      | Reached XP level 11. HP: 75/75 MP: 15/23
 12402 | D:9      | Found a hide-covered altar of Uskayaw.
 12658 | D:10     | Entered Level 10 of the Dungeon
 12764 | D:10     | Reached skill level 13 in Stealth
 13019 | D:10     | Reached skill level 5 in Dodging
 13224 | D:10     | Found a staircase to the Orcish Mines.
 13530 | Lair:1   | Entered Level 1 of the Lair of Beasts
 13788 | Lair:1   | Reached skill level 14 in Stealth
 14073 | Lair:1   | Reached *** piety under Ashenzari
 14292 | Lair:1   | Noticed a seven-headed hydra
 14292 | Lair:1   | Noticed a six-headed hydra
 14542 | Lair:1   | Reached skill level 15 in Stealth
 14585 | Lair:1   | Learned a level 5 spell: Summon Mana Viper
 14928 | Lair:2   | Found a dark tunnel.
 14928 | Lair:2   | Noticed a lindwurm
 14930 | Lair:2   | Killed a lindwurm
 14930 | Lair:2   | Reached XP level 12. HP: 83/83 MP: 20/25
 14938 | Volcano  | Entered a volcano
 15122 | Lair:2   | Reached skill level 1 in Summonings
 15172 | Lair:2   | Found a hole to the Spider Nest.
 15625 | Lair:2   | Reached skill level 1 in Long Blades
 16870 | Lair:3   | Noticed a seven-headed hydra
 16903 | Lair:3   | Killed a one-headed hydra
 17069 | Lair:3   | Reached **** piety under Ashenzari
 18530 | Lair:4   | Noticed Rupert
 18537 | Lair:4   | Paralysed by Rupert for 7 turns
 18760 | Lair:1   | Reached skill level 16 in Stealth
 18792 | Lair:1   | Killed a six-headed hydra
 18794 | Lair:1   | Killed a seven-headed hydra
 18892 | Orc:1    | Entered Level 1 of the Orcish Mines
 19207 | D:11     | Noticed Fannar
 19209 | D:11     | Reached skill level 5 in Ice Magic
 19338 | D:11     | Reached XP level 13. HP: 88/88 MP: 24/26
 19405 | D:11     | Killed Fannar
 19405 | D:11     | Reached skill level 5 in Summonings
 19648 | D:11     | Learned a level 4 spell: Summon Ice Beast
 20353 | D:12     | Found a labyrinth entrance.
 20363 | Lab      | Entered a labyrinth
 20628 | Lab      | Noticed a minotaur
 20672 | Lab      | Killed a minotaur
 20677 | Lab      | Got the uncursed robe of the Nexus {rCorr MP+9 Str+2 Int-3}
 20713 | Lab      | Got the uncursed chain mail "Foic Hic" {rPois}
 21353 | D:12     | Learned a level 3 spell: Ignite Poison
 21835 | D:13     | Identified the +0 robe of the Nexus {rCorr MP+9 Str+2 Int-3} (You took it off a minotaur in a labyrinth)
 21855 | D:13     | Identified the +5 chain mail "Foic Hic" {rPois} (You found it in a labyrinth)
 22121 | D:13     | Noticed Maurice
 22167 | D:13     | Killed Maurice
 22203 | D:13     | Reached skill level 1 in Fire Magic
 22372 | D:13     | Reached skill level 17 in Stealth
 22403 | D:13     | Found Liju's Weapon Shoppe.
 22405 | D:13     | Noticed Kirke
 22565 | D:13     | Killed Kirke
 22565 | D:13     | Reached skill level 10 in Spellcasting
 23407 | Orc:1    | Learned a level 5 spell: Summon Demon
 23414 | Orc:1    | Noticed an orc warlord
 23929 | D:14     | Found a gate to the Vaults.
 24215 | D:13     | Reached skill level 5 in Long Blades
 26090 | D:14     | Reached XP level 14. HP: 95/96 MP: 28/28
 26655 | Orc:1    | Noticed an orc warlord
 26718 | D:10     | Killed an orc warlord
 27096 | D:10     | Killed an orc warlord
 27280 | Orc:1    | Found Esing's Distillery.
 27558 | Orc:2    | Entered Level 2 of the Orcish Mines
 27558 | Orc:2    | Found Peutsiff's General Store.
 27676 | Orc:2    | Bought a scroll of enchant armour for 90 gold pieces
 27676 | Orc:2    | Bought a scroll of remove curse for 36 gold pieces
 27684 | Orc:2    | Found Veiloatt's Assorted Antiques.
 27722 | Orc:2    | Found a roughly hewn altar of Beogh.
 27737 | Orc:2    | Reached skill level 5 in Fighting
 27788 | Orc:2    | Found a staircase to the Elven Halls.
 27817 | Orc:2    | Noticed Gobbopathe's ghost (adept FoAK)
 28074 | Orc:2    | Reached ***** piety under Ashenzari
 28091 | Orc:2    | Gained mutation: Your spells are a little harder to cast, but a little more powerful. [a neqoxec]
 28093 | Orc:2    | Gained mutation: You are clumsy. (Dex -2) [a neqoxec]
 28146 | Orc:1    | Noticed an orc warlord
 28369 | D:10     | Killed an orc warlord
 28988 | Orc:2    | Bought a scroll of enchant armour for 225 gold pieces
 29414 | Orc:2    | Found Tekk's Magic Scroll Shoppe.
 29414 | Orc:2    | Found Gottyig's Gadget Shoppe.
 29414 | Orc:2    | Found Modwaacu's Antique Weapon Emporium.
 29417 | Orc:2    | Found Waatod's Antique Weapon Emporium.
 29459 | Orc:2    | Bought a scroll of enchant armour for 97 gold pieces
 29459 | Orc:2    | Bought a scroll of enchant weapon for 97 gold pieces
 29698 | D:8      | Bought an uncursed amulet of magic regeneration for 360 gold pieces
 29698 | D:8      | Bought the ring "Zassenn" {rElec rPois rC+ Str+3 Int+2 Stlth+} for 638 gold pieces
 30095 | Lair:4   | Found a staircase to the Shoals.
 30174 | Lair:4   | Killed Rupert
 31477 | Lair:5   | Found a staircase to the Slime Pits.
 31605 | Lair:6   | Entered Level 6 of the Lair of Beasts
 31654 | Lair:6   | Reached skill level 18 in Stealth
 31825 | Lair:5   | Paralysed by a hornet for 3 turns
 32652 | Lair:6   | Reached XP level 15. HP: 95/105 MP: 26/30
 33608 | D:5      | Killed Alarak's ghost
 33831 | D:15     | Entered Level 15 of the Dungeon
 34782 | D:15     | Noticed a quicksilver dragon
 34782 | D:15     | a stone giant changed into a quicksilver dragon
 34787 | D:15     | a quicksilver dragon changed into a dire elephant
 34815 | D:15     | Found a staircase to the Depths.
 35205 | Spider:1 | Entered Level 1 of the Spider Nest
 35841 | Spider:1 | Reached skill level 15 in Hexes
 36143 | Spider:2 | Reached skill level 5 in Armour
 36328 | Spider:2 | Noticed a ghost moth
 36336 | Spider:2 | Killed a ghost moth
 36336 | Spider:2 | Reached skill level 1 in Transmutations
 36633 | Spider:2 | Reached skill level 19 in Stealth
 36785 | Spider:2 | Noticed a ghost moth
 36787 | Spider:2 | Killed a ghost moth
 37637 | Elf:1    | Entered Level 1 of the Elven Halls
 37680 | Elf:1    | Found a frozen archway.
 37689 | IceCv    | Entered an ice cave
 37917 | IceCv    | Noticed an Ice Fiend
 37993 | IceCv    | Got the uncursed pair of gloves of Atiutria {rF+}
 38297 | Elf:1    | Reached XP level 16. HP: 31/113 MP: 18/31
 38731 | Elf:1    | Identified the +0 pair of gloves of Atiutria {rF+} (You found it in an ice cave)
 38851 | Elf:1    | Found a portal to a secret trove of treasure.
 39215 | Elf:1    | Reached skill level 1 in Poison Magic
 39649 | Elf:2    | Reached skill level 10 in Summonings
 39956 | Elf:2    | Found a magical portal.
 39965 | WizLab   | Entered The Chambers of the Cloud Mage
 40037 | WizLab   | Reached skill level 10 in Long Blades
 40113 | WizLab   | Learned a level 7 spell: Summon Hydra
 40569 | WizLab   | Noticed Goukhouh
 40591 | WizLab   | Killed Goukhouh the Cloud Mage
 40652 | WizLab   | Identified the Papyrus of the Guilds
 40688 | WizLab   | Identified Sif Muna's Catalogue of the Birds
 40864 | WizLab   | Learned a level 4 spell: Olgreb's Toxic Radiance
 41370 | Spider:3 | Noticed Aizul
 41374 | Spider:3 | Killed Aizul
 41698 | Spider:4 | Entered Level 4 of the Spider Nest
 41698 | Spider:4 | Noticed Arachne
 41704 | Spider:4 | Reached XP level 17. HP: 113/120 MP: 27/33
 42001 | Shoals:1 | Entered Level 1 of the Shoals
 42729 | Shoals:1 | Noticed a kraken
 43075 | Shoals:1 | Reached skill level 20 in Stealth
 43670 | Shoals:1 | Killed a kraken
 43781 | Shoals:2 | Reached ****** piety under Ashenzari
 45335 | Shoals:4 | Entered Level 4 of the Shoals
 45522 | Shoals:4 | Gained mutation: You are dopey. (Int -2) [a neqoxec]
 45532 | Shoals:4 | Gained mutation: You are occasionally teleported next to monsters. [a neqoxec]
 45642 | Shoals:4 | HP: 1/121 [satyr/arrow (11)]
 45644 | Shoals:4 | Shot with an arrow by a satyr

Skill      XL: |  1  2  3  4  5  6  7  8  9 10 11 12 13 14 15 16 17 |
---------------+----------------------------------------------------+-----
Stealth        | 5 6 7 8 9 11 12 15 16 17 18 19 20 | 20.3
Hexes          | 5 6 7 8 10 11 12 13 14 15 | 15.5
Ice Magic      | 1 2 3 4 5 6 |  6.1
Spellcasting   | 3 4 5 7 8 9 10 11 12 13 | 13.4
Short Blades   | 2 3 4 5 6 7 8 |  8.9
Fighting       | 1 2 3 4 5 6 7 |  7.6
Dodging        | 3 4 5 6 7 8 |  8.9
Armour         | 1 2 3 4 5 |  5.3
Summonings     | 4 6 8 9 11 | 11.8
Long Blades    | 2 5 7 9 10 | 10.8
Fire Magic     | 1 2 |  2.2
Transmutations | 1 2 |  2.1
Poison Magic   | 3 |  3.6
Throwing       | |  0.2
Conjurations   | |  0.3

Action                   |  1- 3 |  4- 6 |  7- 9 | 10-12 | 13-15 | 16-18 || total
-------------------------+-------+-------+-------+-------+-------+-------++-------
Melee: Dagger            |    98 |    90 |       |       |       |       ||   188
       Bite              |     4 |    10 |    25 |    50 |   171 |    63 ||   323
       Kick              |       |    20 |       |       |       |       ||    20
       Rapier            |       |    90 |    47 |       |       |       ||   137
       Short sword       |       |     6 |   240 |   382 |   355 |   255 ||  1238
       Unarmed           |       |     1 |       |       |       |       ||     1
       Blowgun           |       |       |       |     1 |       |       ||     1
       Great sword       |       |       |       |    66 |   765 |   342 ||  1173
       Demon blade       |       |       |       |       |    25 |       ||    25
 Fire: Blowgun           |       |       |     1 |     3 |       |       ||     4
 Cast: Corona            |    12 |    14 |     1 |       |       |       ||    27
       Ensorcelled Hiber |    18 |    53 |    61 |    94 |   127 |    30 ||   383
       Confuse           |       |     6 |    58 |    91 |    99 |    43 ||   297
       Dazzling Spray    |       |       |     1 |       |       |       ||     1
       Summon Mana Viper |       |       |       |     3 |    48 |     5 ||    56
       Summon Demon      |       |       |       |       |    87 |    83 ||   170
       Summon Ice Beast  |       |       |       |       |     6 |       ||     6
       Ignite Poison     |       |       |       |       |    16 |    28 ||    44
       Olgreb's Toxic Ra |       |       |       |       |       |    14 ||    14
       Summon Hydra      |       |       |       |       |       |    12 ||    12
Invok: Curse Item        |       |       |       |     2 |     1 |     1 ||     4
       Scrying           |       |       |       |       |     2 |       ||     2
 Abil: End Transformatio |       |     1 |     4 |     7 |     9 |     2 ||    23
       Bat Form          |       |     1 |     4 |     7 |     9 |     2 ||    23
Evoke: Wand              |       |       |       |     1 |     6 |     3 ||    10
  Use: Potion            |     3 |    16 |    19 |    20 |    78 |    56 ||   192
       Scroll            |       |     8 |     3 |     6 |    14 |    10 ||    41
 Stab: Sleeping          |    26 |    39 |    40 |   100 |   118 |    65 ||   388
       Confused          |       |     2 |    16 |    52 |    45 |    11 ||   126
       Distracted        |       |       |       |     3 |    19 |    10 ||    32
       Paralysed         |       |       |       |       |     1 |       ||     1
       Invisible         |       |       |       |       |       |     2 ||     2
  Eat: Corpse            |       |       |     2 |     1 |       |     3 ||     6
Armor: Robe              |    28 |    30 |       |       |       |       ||    58
       Ring mail         |       |    37 |   115 |   140 |   110 |       ||   402
       Troll leather arm |       |       |       |       |   508 |   405 ||   913
Dodge: Dodged            |    70 |   126 |   164 |   168 |  1083 |   830 ||  2441
       Rpst.: Great sword |       |       |       |     9 |   215 |   122 ||   346
       Demon blade       |       |       |       |       |     2 |       ||     2
